 Dungeon Crawl Stone Soup version 0.21.1-1-g345015f (webtiles) character file.

2498 sking99 the Grappler (level 9, -1/89 HPs)
             Began as a Troll Monk on June 24, 2018.
             Was an Elder of Ru.
             Slain by sking99's ghost (18 damage)
             ... on level 8 of the Dungeon.
             The game lasted 00:20:26 (5525 turns).

sking99 the Grappler (Troll Monk)                   Turns: 5525, Time: 00:20:27

Health: -1/89      AC:  6    Str: 21    XL:     9   Next: 28%
Magic:  8/8        EV: 13    Int:  6    God:    Ru [****..]
Gold:   247        SH:  0    Dex: 15    Spells: 8/8 levels left

rFire    x . .     SeeInvis .     - Unarmed
rCold    x . .     Gourm    +   (no shield)
rNeg     . . .     Faith    .   q - +1 robe of Woekir {+Inv}
rPois    .         Spirit   .   (helmet restricted)
rElec    .         Reflect  .   (no cloak)
rCorr    .         Harm     .   (gloves unavailable)
MR       .....                  (boots unavailable)
Stlth    ++........             (no amulet)
HPRegen  0.64/turn              r - +4 ring of slaying
MPRegen  0.11/turn              (no ring)

@: exhausted, drained
A: large, unfitting armour, claws 3, fast metabolism 3, gourmand, regeneration
1, shaggy fur 1, tough skin 2, hated by all, temperature sensitive
a: Draw Out Power, Power Leap, Renounce Religion, Evoke Invisibility


You were on level 8 of the Dungeon.
You worshipped Ru.
Ru was greatly pleased with you.
You were very full.

You visited 1 branch of the dungeon, and saw 8 of its levels.
You also visited: Sewer.

You collected 377 gold pieces.
You spent 130 gold pieces at shops.

Inventory:

Missiles
 p - 142 stones (quivered)
Armour
 a - a +0 robe
 q - the +1 robe of Woekir (worn) {+Inv}
   (You found it on level 4 of the Dungeon)

   It lets you turn invisible.
Jewellery
 r - a +4 ring of slaying (left claw)
 H - an uncursed ring of positive energy {unknown}
Wands
 C - a wand of digging (6)
Scrolls
 c - 2 scrolls of enchant weapon
 f - 11 scrolls of identify
 h - 2 scrolls of remove curse
 j - a scroll of magic mapping
 k - 2 scrolls of random uselessness
 t - a scroll of immolation {unknown}
 w - 2 scrolls of teleportation {unknown}
 B - 2 scrolls of torment {unknown}
 E - a scroll of summoning {unknown}
 F - a scroll of enchant armour {unknown}
Potions
 d - a potion of berserk rage {unknown}
 e - 3 potions of flight
 g - 3 potions of mutation {unknown}
 i - 2 potions of brilliance {unknown}
 l - a potion of might {unknown}
 m - a potion of resistance
 n - 2 potions of curing {unknown}
 o - a potion of haste {unknown}
 s - 3 potions of degeneration {unknown}
 x - a potion of cancellation
 z - 2 potions of agility {unknown}
 A - 3 potions of heal wounds
 D - a potion of lignification {unknown}
Books
 u - a book of Flames

   Spells                             Type                      Level
   a - Flame Tongue                   Conjuration/Fire             1
   b - Throw Flame                    Conjuration/Fire             2
   c - Conjure Flame                  Conjuration/Fire             3
   d - Inner Flame                    Hexes/Fire                   3
   e - Sticky Flame                   Conjuration/Fire             4
   f - Fireball                       Conjuration/Fire             5
 v - a book of Changes

   Spells                             Type                      Level
   a - Beastly Appendage              Transmutation                1
   b - Sticks to Snakes               Transmutation                2
   c - Spider Form                    Transmutation/Poison         3
   d - Ice Form                       Ice/Transmutation            4
   e - Blade Hands                    Transmutation                5
 y - the Incunabulum of Transmutation and Orientation
   (You found it in a sewer)

   Spells                             Type                      Level
   a - Apportation                    Translocation                1
   b - Beastly Appendage              Transmutation                1
   c - Blink                          Translocation                2
   d - Sticks to Snakes               Transmutation                2
   e - Passwall                       Transmutation/Earth          2
   f - Blade Hands                    Transmutation                5
   g - Malign Gateway                 Summoning/Translocation      7
Comestibles
 b - 26 rations


   Skills:
 + Level 5.7(5.4) Fighting
 - Level 2.9(2.6) Throwing
 + Level 5.7(5.4) Dodging
 - Level 1.0(0.7) Stealth
 * Level 8.8(8.4) Unarmed Combat


You had 8 spell levels left.
You didn't know any spells.

Dungeon Overview and Level Annotations

Branches:
Dungeon (8/15)             Temple (0/1) D:6
   Lair: D:8-11

Altars:
Cheibriados
Dithmenos
Gozag
Hepliaklqana
Kikubaaqudgha
Nemelex Xobeh
Okawaru
Ru
Trog
Xom

Shops:
D:5 !   D:6 :

Annotations:
D:8 sking99's ghost, novice TrMo


Innate Abilities, Weirdness & Mutations

You are too large for most types of armour.
You have claws for hands.
Your metabolism is lightning-fast.
You like to eat raw meat.
Your natural rate of healing is unusually fast.
You are covered in fur. (AC +1)
You have very tough skin. (AC +2)
You are hated by all.
You are sensitive to extremes of temperature. (rF-, rC-)


Message History

You closely miss sking99's ghost.
Sking99's ghost is severely damaged.
Sking99's ghost barely misses you.
You scratch sking99's ghost but do no damage.
Sking99's ghost is severely damaged.
Sking99's ghost misses you.
You claw sking99's ghost!
Sking99's ghost is severely damaged.
Sking99's ghost hits you!
You are restored by drawing out deep reserves of power within.
You feel drained. Sking99's ghost hits you!
You focus your will and illuminate sking99's ghost in retribution!
You scratch sking99's ghost. You claw sking99's ghost.
Sking99's ghost is almost destroyed.
Sking99's ghost hits you!!
* * * LOW HITPOINT WARNING * * *
You scratch sking99's ghost.
Sking99's ghost is almost destroyed.
Sking99's ghost hits you!!
You die...

## .# .#
#########.#
#.........###
#...........#
#...........#
............#
#....W@....#
#..........#
####.###.#.#
#.$ .#.# #.
.# # #. .# #
.#


You could see sking99's ghost.

Vanquished Creatures
  A human (D:7)
  4 hogs (D:7)
  The ghost of Thomus the Conjurer, an amateur DECj (D:4)
  A hornet zombie (D:7)
  An ice beast (D:6)
  2 phantoms
  A black bear (D:6)
  An ogre (D:5)
  The ghost of sking99 the Insei, an amateur OpTm of Okawaru (D:3)
  5 bullfrogs
  2 scorpions
  A crimson imp (D:5)
  2 centaur skeletons
  A bullfrog skeleton (D:6)
  2 hounds (D:6)
  4 orc priests
  2 orc wizards
  An iguana (D:6)
  4 worker ants
  2 worker ant zombies
  A howler monkey skeleton (D:6)
  2 river rats (D:6)
  10 adders
  A shadow imp (D:5)
  2 oozes
  An adder zombie (D:7)
  5 worms
  A dart slug (D:4)
  9 leopard geckos
  22 orcs
  6 ball pythons
  11 giant cockroaches
  5 goblins
  3 hobgoblins
  10 kobolds
  2 quokkas
  8 bats
  7 frilled lizards
  A jackal skeleton (D:7)
  A quokka skeleton (D:5)
  8 rats
155 creatures vanquished.

Vanquished Creatures (others)
  An adder (D:7)
1 creature vanquished.

Grand Total: 156 creatures vanquished

Notes
Turn   | Place    | Note
-------+----------+-------------------------------------------
     0 | D:1      | sking99 the Troll Monk began the quest for the Orb.
     0 | D:1      | Reached XP level 1. HP: 22/22 MP: 0/0
   200 | D:1      | Reached XP level 2. HP: 29/29 MP: 1/1
   767 | D:2      | Reached XP level 3. HP: 32/36 MP: 2/2
  1057 | D:2      | Reached skill level 4 in Unarmed Combat
  1376 | D:3      | Reached XP level 4. HP: 44/44 MP: 3/3
  1422 | D:3      | Noticed sking99's ghost (amateur OpTm)
  1599 | D:3      | Killed sking99's ghost
  1599 | D:3      | Reached XP level 5. HP: 49/53 MP: 4/4
  2212 | D:4      | Got a heavy robe
  2227 | D:4      | Identified the cursed +1 robe of Woekir {+Inv} (You found it on level 4 of the Dungeon)
  2234 | D:4      | Reached skill level 5 in Unarmed Combat
  2307 | D:4      | Found an ancient bone altar of Kikubaaqudgha.
  2318 | D:4      | Reached XP level 6. HP: 21/61 MP: 5/5
  2515 | D:4      | Noticed Thomus's ghost (amateur DECj)
  2537 | D:4      | Killed Thomus's ghost
  3104 | D:5      | Entered Level 5 of the Dungeon
  3114 | D:5      | Found a bloodstained altar of Trog.
  3115 | D:5      | Found a shadowy altar of Dithmenos.
  3117 | D:5      | Found a snail-covered altar of Cheibriados.
  3117 | D:5      | Found a sacrificial altar of Ru.
  3119 | D:5      | Found a hazy altar of Hepliaklqana.
  3119 | D:5      | Found a shimmering altar of Xom.
  3120 | D:5      | Found a sparkling altar of Nemelex Xobeh.
  3251 | D:5      | Reached skill level 6 in Unarmed Combat
  3251 | D:5      | Reached XP level 7. HP: 63/68 MP: 6/6
  3295 | D:5      | Reached skill level 1 in Throwing
  3572 | D:5      | Found Yliytt's Distillery.
  3575 | D:5      | Bought a potion of cancellation for 80 gold pieces
  3575 | D:5      | Bought a potion of heal wounds for 50 gold pieces
  3619 | D:5      | Became a worshipper of Ru the Awakened
  3629 | D:5      | Gained mutation: You are hated by all. [Ru sacrifice]
  3629 | D:5      | Reached * piety under Ru
  3685 | D:6      | Found a glowing drain.
  3753 | D:6      | Found Diuwowni's Book Boutique.
  3777 | Sewer    | Entered a sewer
  3974 | Sewer    | Reached XP level 8. HP: 67/79 MP: 7/7
  3987 | Sewer    | Identified the Incunabulum of Transmutation and Orientation
  4415 | D:6      | Reached skill level 7 in Unarmed Combat
  4441 | D:6      | Found a staircase to the Ecumenical Temple.
  4477 | D:6      | Found an iron altar of Okawaru.
  4523 | D:6      | Reached skill level 5 in Fighting
  4523 | D:6      | Reached skill level 5 in Dodging
  5004 | D:7      | Reached skill level 8 in Unarmed Combat
  5028 | D:7      | Gained mutation: You are sensitive to extremes of temperature. (rF-, rC-) [Ru sacrifice]
  5028 | D:7      | Reached ** piety under Ru
  5028 | D:7      | Reached *** piety under Ru
  5028 | D:7      | Reached **** piety under Ru
  5169 | D:7      | Reached XP level 9. HP: 64/88 MP: 2/8
  5358 | D:7      | Found an opulent altar of Gozag.
  5464 | D:8      | Noticed sking99's ghost (novice TrMo)
  5525 | D:8      | Slain by sking99's ghost

Skill      XL: |  1  2  3  4  5  6  7  8 |
---------------+-------------------------+-----
Unarmed Combat | 4 5 6 8 |  8.8
Dodging        | 3 4 5 |  5.7
Fighting       | 3 4 5 |  5.7
Throwing       | 2 |  2.9
Stealth        | |  1.0

Action                   |  1- 3 |  4- 6 |  7- 9 || total
-------------------------+-------+-------+-------++-------
Melee: Unarmed           |    85 |   130 |   193 ||   408
       Punch             |     1 |     3 |     5 ||     9
Throw: Stone             |       |     4 |    47 ||    51
Invok: Sacrifice Love    |       |       |     1 ||     1
       Power Leap        |       |       |     1 ||     1
       Sacrifice Resista |       |       |     1 ||     1
       Draw Out Power    |       |       |     1 ||     1
  Use: Scroll            |       |     7 |     1 ||     8
 Stab: Sleeping          |     2 |     1 |     1 ||     4
       Distracted        |       |       |     1 ||     1
  Eat: Chunk             |    17 |    14 |    25 ||    56
Armor: Robe              |    37 |    35 |    51 ||   123
Dodge: Dodged            |    49 |    66 |    94 ||   209
